 Dungeon Crawl Stone Soup version 0.27.1-33-g824d729ab1 (webtiles) character file.

Game seed: 12652884897117813334

2151 H0rd4k the Ducker (level 9, -17/66 HPs)
             Began as a Human Artificer on Nov 26, 2021.
             Was an Initiate of Gozag.
             Demolished by an orc warrior (26 damage)
             ... in a bailey on Dec 3, 2021.
             The game lasted 00:17:09 (10541 turns).

H0rd4k the Ducker (Human Artificer)                Turns: 10541, Time: 00:17:09

Health: -17/66     AC:  3    Str: 15    XL:     9   Next: 56%
Magic:  14/14      EV: 14    Int: 13    God:    Gozag
Gold:   922        SH:  0    Dex: 13    Spells: 15/15 levels left

rFire    x . .     SeeInvis .   c - +1 dagger (drain)
rCold    + . .     Faith    .   (no shield)
rNeg     . . .     Spirit   .   b - +0 leather armour
rPois    .         Reflect  .   (no helmet)
rElec    .         Harm     .   (no cloak)
rCorr    .         Rampage  .   (no gloves)
Will     .....                  (no boots)
Stlth    +.........             (no amulet)
HPRegen  0.21/turn              B - ring of ice
MPRegen  0.14/turn              (no ring)

@: mighty, gold aura
A: no striking features
a: Renounce Religion, Potion Petition, Call Merchant, Bribe Branch


You were in a bailey.
You worshipped Gozag.
Gozag was pleased with you.
You visited 2 branches of the dungeon, and saw 9 of its levels.
You also visited: Sewer and Bailey.

You collected 988 gold pieces.
You paid 66 gold pieces to Gozag.

Inventory:

Hand Weapons
 c - a +1 dagger of draining (weapon)
 v - a +2 dagger of flaming
Missiles
 a - 23 poisoned darts (quivered)
Armour
 b - a +0 leather armour (worn)
Jewellery
 B - a ring of ice (left hand)
Wands
 l - a wand of iceblast (2)
 p - a wand of paralysis (5)
Scrolls
 f - a scroll of brand weapon {unknown}
 g - a scroll of amnesia
 i - a scroll of enchant armour {unknown}
 o - 2 scrolls of fog {unknown}
 r - 2 scrolls of blinking
 t - a scroll of magic mapping
 w - 2 scrolls of teleportation {unknown}
 x - a scroll of silence {unknown}
 y - 2 scrolls of fear {unknown}
Potions
 h - 2 potions of degeneration {unknown}
 j - a potion of attraction {unknown}
 k - 3 potions of might
 m - a potion of curing {unknown}
 n - 2 potions of heal wounds
 q - a potion of magic {unknown}
 s - 2 potions of mutation
 u - a potion of haste {unknown}
 z - 4 potions of flight
 C - a potion of lignification {unknown}
Miscellaneous
 e - a piece from Xom's chessboard (15/15)


   Skills:
 - Level 4.5 Fighting
 - Level 4.7(5.0) Short Blades
 - Level 2.3(3.9) Long Blades
 - Level 1.1 Throwing
 - Level 2.0 Armour
 + Level 6.6 Dodging
 - Level 1.0 Stealth
 * Level 3.5 Spellcasting
 + Level 6.0 Evocations


You had 15 spell levels left.
You didn't know any spells.
Your spell library contained the following spells:

 Spells                   Type           Power      Damage    Failure   Level
 Animate Skeleton         Necr           4%         N/A       26%         1
 Apportation              Tloc           4%         N/A       26%         1
 Beastly Appendage        Tmut           4%         N/A       26%         1
 Corona                   Hex            2%         N/A       26%         1
 Foxfire                  Conj/Fire      8%         2x1d4     26%         1
 Summon Small Mammal      Summ           8%         N/A       26%         1
 Sublimation of Blood     Necr           1%         N/A       38%         2
 Wereblood                Tmut           2%         N/A       38%         2
 Spider Form              Tmut/Pois      1%         N/A       63%         3
 Petrify                  Tmut/Erth      2%         N/A       95%         4
 Fireball                 Conj/Fire      1%         3d3       100%        5
 Irradiate                Conj/Tmut      1%         3d14      100%        5
 Starburst                Conj/Fire      1%         6d3       100%        6
 Ignition                 Fire           1%         3d3       100%        8


Dungeon Overview and Level Annotations

Branches:
Dungeon (8/15)             Temple (1/1) D:4            Lair (0/6) D:8
  Sewer (visited)          Bailey (1/1)

Altars:
Ashenzari
Cheibriados
Dithmenos
Elyvilon
Gozag
Hepliaklqana
Kikubaaqudgha
Makhleb
Nemelex Xobeh
Okawaru
Qazlal
Ru
Sif Muna
Trog
Uskayaw
Vehumet
Wu Jian
Xom
Zin
The Shining One

Shops:
D:6 !

Annotations:
D:4 exclusion: upstairs
D:5 exclusion: scorpion


Message History

Things that are here:
3 gold pieces; a +0 hand axe; a +0 leather armour You barely miss the kobold.
The kobold is severely wounded.
The kobold closely misses you. The orc knight misses you.
You feel very mighty all of a sudden. The kobold hits you but does no damage.
The orc knight hits you with a +0 war axe!
You hit the kobold.
You kill the kobold!
You hit the orc knight but do no damage.
You drain the orc knight.
The orc knight is lightly wounded.
The orc knight hits you with a +0 war axe!!
You hit the orc knight but do no damage.
The orc knight is lightly wounded.
The orc knight roars a battlecry!
The orc goes into a battle-frenzy!
You hit the orc knight. You drain the orc knight.
The orc knight is lightly wounded.
You closely miss the orc knight.
The orc knight is lightly wounded.
Aiming: Paralyse
Press: ? - help, Shift-Dir - straight line, f - orc knight
Aim: an orc knight, wielding a +0 war axe and wearing a +0 plate armour (lightly wounded, lightly drained, chance to affect: 54%)
The orc knight suddenly stops moving!
The helpless orc knight fails to defend itself.
You impale the orc knight!! You drain the orc knight.
The orc knight is heavily wounded.
You hit the orc.
The orc is severely wounded.
You hit the orc.
You kill the orc!
You closely miss the orc warrior.
The orc warrior hits you with a +3 war axe!!
* * * LOW HITPOINT WARNING * * *
You hit the orc warrior but do no damage.
The orc warrior hits you with a +3 war axe!!
You die...
Your body crumbles into a pile of gold.

$ .#############
.......o$.$..####
#.$o@.......##
##'#.........## $
#..#()..⌠.....#
#..###)(.....## '. ## ####.o'
#.....######### #. ...
^...###......#≈≈≈≈≈≈# .#.
####K####..#[((.)≈≈≈≈≈≈≈≈≈≈
≈####...ooog####([≈≈≈≈≈≈≈≈≈##
≈≈≈∩#..oKooo#∩≈≈≈≈≈≈.....###


You could see an orc knight (paralysed, drained) and an orc warrior (strong).

Vanquished Creatures
  2 sky beasts (D:6)
  Duvessa (D:5)
  Purgy (Sewer)
  2 orc warriors (Bailey)
  A black bear (D:5)
  7 ogres
  A phantom (D:7)
  2 scorpions
  Dowan (D:5)
  2 water moccasin zombies
  A wight (D:6)
  A howler monkey (D:6)
  3 jellies
  A centaur skeleton (D:7)
  An orc priest (D:3)
  A bullfrog skeleton (D:4)
  2 orc wizards
  A hound skeleton (D:5)
  4 gnolls
  9 adders
  A white imp (D:7)
  2 worms (D:2)
  20 orcs
  4 endoplasms
  2 giant cockroaches
  3 goblins
  3 hobgoblins
  17 kobolds
  2 quokkas
  12 ball pythons
  4 bats
  5 frilled lizards
  5 rats
124 creatures vanquished.

Vanquished Creatures (collateral kills)
  2 wights (D:6)
  A centaur skeleton (D:7)
  A gnoll shaman (D:7)
  4 orcs (D:4)
  2 goblins (D:8)
  A kobold (D:4)
11 creatures vanquished.

Vanquished Creatures (others)
  A wight (D:7)
  A gnoll shaman (D:7)
  2 orcs (D:4)
  26 fungi (D:4)
  3 plants (D:4)
33 creatures vanquished.

Grand Total: 168 creatures vanquished

Notes
Turn   | Place    | Note
-------+----------+-------------------------------------------
     0 | D:1      | H0rd4k the Human Artificer began the quest for the Orb.
     0 | D:1      | Reached XP level 1. HP: 15/15 MP: 1/1
   122 | D:1      | Reached XP level 2. HP: 1/21 MP: 2/2
   956 | D:1      | Found a faded altar of an unknown god.
   964 | D:1      | Got Plato's Disquisition on the Blaze
  1028 | D:1      | Reached XP level 3. HP: 24/26 MP: 3/3
  1617 | D:2      | Reached skill level 1 in Short Blades
  1801 | D:2      | Reached XP level 4. HP: 10/32 MP: 4/4
  3108 | D:4      | Noticed an ogre
  3179 | D:4      | Found a staircase to the Ecumenical Temple.
  3186 | D:4      | Reached XP level 5. HP: 34/38 MP: 5/5
  3227 | Temple   | Entered the Ecumenical Temple
  3552 | D:4      | Killed an ogre
  3553 | D:4      | Reached XP level 6. HP: 17/44 MP: 6/6
  4045 | D:4      | Found a burning altar of Makhleb.
  4179 | D:4      | Noticed an ogre
  4187 | D:4      | Killed an ogre
  4507 | D:4      | Noticed an ogre
  4515 | D:4      | Killed an ogre
  4516 | D:4      | Reached skill level 1 in Long Blades
  4516 | D:4      | Reached XP level 7. HP: 9/51 MP: 7/7
  5650 | D:5      | Entered Level 5 of the Dungeon
  5741 | D:5      | Reached skill level 5 in Evocations
  5746 | D:5      | Found a glowing drain.
  5755 | Sewer    | Entered a sewer
  6035 | Sewer    | Noticed Purgy
  6045 | Sewer    | Killed Purgy
  6201 | D:5      | Noticed Dowan
  6207 | D:5      | Noticed Duvessa
  6216 | D:5      | Killed Duvessa
  6217 | D:5      | Reached XP level 8. HP: 47/60 MP: 8/8
  6221 | D:5      | Your ally died
  6312 | D:5      | Found an opulent altar of Gozag.
  6321 | D:5      | Became a worshipper of Gozag Ym Sagoz the Greedy
  6722 | D:5      | Reached skill level 1 in Throwing
  7684 | D:6      | Reached skill level 1 in Spellcasting
  7996 | D:6      | Reached XP level 9. HP: 51/66 MP: 9/11
  8166 | D:6      | Reached skill level 5 in Dodging
  8400 | D:6      | Found a hazy altar of Hepliaklqana.
  8597 | D:6      | Found Wony's Distillery.
  8883 | D:6      | Found a glowing silver altar of Zin.
  8883 | D:6      | Noticed an angel
  9031 | D:7      | HP: 3/66 [white imp (5)]
  9961 | D:8      | Found a flagged portal.
 10124 | Bailey   | Entered a bailey
 10163 | Bailey   | Noticed an orc knight
 10541 | Bailey   | Demolished by an orc warrior

Illustrated notes

Levels and vault maps discovered:
D:1:      minmay_arrival_checkered_box, layout_rooms,
          shapermc_ecumenical_altar_rom_forum, minmay_misc_feat_hallway,
          hangedman_decor_push, minmay_misc_feat_encased, minmay_distorted
D:2:      layout_rooms
D:3:      layout_loops_corners
D:4:      layout_rooms, mainiacjoe_overflow_boulevard,
          minmay_temple_entry_wispy, serial_aquarium,
          aquarium_bridge_long_separate [aquarium_subvault_wall,
          aquarium_subvault_bridge, aquarium_subvault_bridge,
          aquarium_subvault_wall, aquarium_subvault_bridge,
          aquarium_subvault_balcony], aquarium_bridge_island_small
          [aquarium_subvault_small_open, aquarium_subvault_balcony,
          aquarium_subvault_window, aquarium_subvault_bridge,
          aquarium_subvault_bridge], aquarium_window_1,
          aquarium_window_corridor_3, aquarium_view_2b, aquarium_balcony_3a
D:5:      minmay_chambers_of_threes, layout_basic,
          nicolae_gozag_cash_rules_everything_around_me, portal_sewer_entry_d,
          chequers_serial_rivers_large_a, uniq_duvessa
D:6:      layout_basic, nzn_hepliaklqana_mist_gate, zin_angel, serial_shops,
          kennysheep_mini
D:7:      layout_layer_cave, minmay_manual_moon
D:8:      layout_loops_corners, mainiacjoe_overflow_large_starburst,
          lair_entry_dummy, enter_bailey_5
Temple:   regret_index_temple_sphere_string
Bailey:   bailey_axe_4, bailey

Skill      XL: |  1  2  3  4  5  6  7  8  9 |
---------------+----------------------------+-----
Evocations     | 4 5 6 |  6.0
Short Blades   | 1 2 3 4 |  4.7
Dodging        | 2 3 4 6 |  6.6
Fighting       | 2 3 4 |  4.5
Long Blades    | 1 2 |  2.3
Throwing       | 1 |  1.1
Spellcasting   | 1 3 |  3.5
Armour         | |  2.0
Stealth        | |  1.0

Action                   |  1- 3 |  4- 6 |  7- 9 || total
-------------------------+-------+-------+-------++-------
Melee: Club              |    20 |       |       ||    20
       Short sword       |   105 |    67 |       ||   172
       Dagger            |       |    13 |   349 ||   362
       Falchion          |       |    12 |       ||    12
Throw: Dart              |     5 |       |    39 ||    44
       Throwing net      |       |       |     1 ||     1
Evoke: Wand              |       |    29 |    12 ||    41
  Use: Scroll            |       |       |     6 ||     6
       Potion            |       |       |     3 ||     3
 Stab: Sleeping          |       |     1 |     2 ||     3
       Paralysed         |       |       |     4 ||     4
       Distracted        |       |       |     3 ||     3
Armor: Leather armour    |    26 |    28 |    51 ||   105
Dodge: Dodged            |    72 |    53 |   191 ||   316
       Rpst.: Falchion   |       |     1 |       ||     1
